 Dungeon Crawl Stone Soup version 0.32-a0-643-ga006e7742e (webtiles) character file.

Game seed: 4287722110710442716

6788 javelincjr the Thaumaturge (level 10, -4/50 HPs)
             Began as a Deep Elf Summoner on Mar 7, 2024.
             Was a Believer of Sif Muna.
             Killed by nerve-wracking pain
             ... invoked by an orc priest
              (14 damage)
             ... on level 8 of the Dungeon on Mar 8, 2024.
             The game lasted 01:05:00 (8254 turns).

javelincjr the Thaumaturge (Deep Elf Summoner)      Turns: 8254, Time: 01:05:01

Health: -4/50      AC:  5    Str:  5    XL:     10   Next: 76%
Magic:  1/28       EV: 15    Int: 28    God:    Sif Muna [**....]
Gold:   465        SH:  4    Dex: 15    Spells: 18/33 levels left

rFire   + . .        B - +0 trident
rCold   + + .        w - +0 buckler of the Enormous God {rF+ SInv Stlth-}
rNeg    . . .        i - +0 robe
rPois   .            h - +0 helmet
rElec   .            A - +0 cloak
rCorr   .            Q - +0 pair of gloves "Uweil" {+Inv rC+ Int+3}
SInv    +            (no boots)
Will    +....        (no amulet)
Stlth   +++          G - ring of protection from cold
HPRegen 0.28/turn    r - ring of flight
MPRegen 0.21/turn

%: no passive effects
@: flying, inugami summoned
A: no striking features
a: Renounce Religion, Evoke Invisibility, Channel Magic


You were on level 8 of the Dungeon.
You worshipped Sif Muna.
Sif Muna was pleased with you.
You visited 1 branch of the dungeon, and saw 8 of its levels.
You also visited: Bailey.

You collected 465 gold pieces.

Inventory:

Hand Weapons
 a - a +0 sling
 b - a +0 spear
 B - a +0 trident (weapon)
 D - a +2 dagger of electrocution
 E - a +0 halberd of distortion
 H - a +1 short sword of holy wrath
 I - a +3 dagger
Missiles
 d - 24 poisoned darts
 o - 5 javelins
 u - 7 boomerangs
 z - a throwing net
 C - 3 curare-tipped darts
Armour
 h - a +0 helmet (worn)
 i - a +0 robe (worn)
 s - a +1 pair of gloves of stealth
 w - the +0 buckler of the Enormous God (worn) {rF+ SInv Stlth-}
   (You found it on level 6 of the Dungeon)

   rF+:       It protects you from fire.
   SInv:      It lets you see invisible.
   Stlth-:    It makes you less stealthy.
 A - a +0 cloak (worn)
 P - a +1 plate armour of fire resistance
 Q - the +0 pair of gloves "Uweil" (worn) {+Inv rC+ Int+3}
   (You found it in a bailey)

   Int+3:     It affects your intelligence (+3).
   rC+:       It protects you from cold.
   +Inv:      It lets you turn invisible.
Magical Staves
 l - a staff of fire
Jewellery
 p - a +6 ring of strength
 r - a ring of flight (right hand)
 y - a ring of fire
 G - a ring of protection from cold (left hand)
 L - a +4 ring of protection
 N - the ring of Elev {Int+4 Slay+2 SInv}
   (You found it on level 8 of the Dungeon)

   [ring of see invisible]

   Int+4:     It affects your intelligence (+4).
   Slay+2:    It affects your accuracy & damage with ranged weapons and melee
   (+2).
   SInv:      It lets you see invisible.
Wands
 m - a wand of iceblast (19)
 R - a wand of flame (24)
Scrolls
 e - a scroll of enchant weapon {unknown}
 g - a scroll of fog {unknown}
 j - 5 scrolls of teleportation
 v - a scroll of amnesia {unknown}
 K - a scroll of brand weapon {unknown}
 M - a scroll of acquirement {unknown}
Potions
 c - a potion of heal wounds {unknown}
 f - 2 potions of magic
 k - 8 potions of curing
 n - a potion of degeneration {unknown}
 q - a potion of mutation {unknown}
 t - 2 potions of invisibility {unknown}
 x - 2 potions of resistance
 F - a potion of haste {unknown}
 J - a potion of attraction {unknown}
Miscellaneous
 O - a phantom mirror (inert)


   Skills:
 + Level 3.7 Polearms
 + Level 8.4 Dodging
 + Level 9.0 Stealth
 * Level 12.4 Spellcasting
 * Level 10.2 Summonings


You had 18 spell levels left.
You knew the following spells:

 Your Spells              Type           Power      Damage    Failure   Level
a - Summon Small Mammal   Summ           100%       N/A       1%          1
b - Call Imp              Summ           100%       N/A       1%          2
c - Call Canine Familiar  Summ           65%        N/A       1%          3
d - Sting                 Conj/Alch      68%        1d7       6%          1
e - Summon Blazeheart Go  Fire/Summ      46%        N/A       8%          4
f - Summon Lightning Spi  Summ/Air       46%        N/A       8%          4

Your spell library contained the following spells:

 Spells                   Type           Power      Damage    Failure   Level
 Apportation              Tloc           34%        N/A       6%          1
 Freeze                   Ice            68%        1d8       6%          1
 Necrotise                Necr           68%        1d7       6%          1
 Jinxbite                 Hex            34%        N/A       9%          2
 Sublimation of Blood     Necr           17%        N/A       9%          2
 Dazzling Flash           Conj/Hex       34%        N/A       19%         3
 Frozen Ramparts          Ice            34%        1d6       19%         3
 Hailstorm                Conj/Ice       17%        3d6       19%         3
 Mephitic Cloud           Conj/Alch/Air  17%        N/A       19%         3
 Anguish                  Hex/Necr       8%         N/A       52%         4
 Cause Fear               Hex            8%         N/A       52%         4
 Summon Hydra             Summ           32%        N/A       58%         7
 Curse of Agony           Necr           17%        N/A       86%         5
 Silence                  Hex/Air        8%         N/A       86%         5
 Yara's Violent Unravell  Hex/Alch       8%         3d5       86%         5
 Enfeeble                 Hex            8%         N/A       100%        7


Dungeon Overview and Level Annotations

Branches:
Dungeon (8/15)             Temple (0/1) D:5            Lair (0/5) D:8
 Bailey (visited)

Altars:
Elyvilon
Gozag
Kikubaaqudgha
Makhleb
Qazlal
Sif Muna
Trog
Vehumet
Xom
Yredelemnul
The Shining One

Shops:
D:7 *

Annotations:
D:6 1 exclusion
D:8 2 transporters, pokeman's ghost, novice DEHW


Message History

* * * LOW HITPOINT WARNING * * *
The orc priest barely misses your orc warrior.
Your orc warrior shoots a bolt.
The bolt closely misses the wolf.
The wolf bites you but does no damage.
Casting: Summon Lightning Spire (dangerous; 8% risk of failure)
Confirm with . or Enter, or press ? or * to list all spells.
You don't have enough magic to cast this spell.
Casting: Summon Lightning Spire (dangerous; 8% risk of failure)
Confirm with . or Enter, or press ? or * to list all spells.
A tiny devil pulls itself out of the air.
The wolf bites you.
* * * LOW HITPOINT WARNING * * *
Something barely misses your orc warrior.
The orc priest misses your orc warrior.
Your orc warrior shoots a bolt.
The bolt hits the wolf!
Your lightning spire shoots out a bolt of lightning at the wolf!
The bolt of electricity hits the wolf!
The wolf dies!
Sif Muna accepts your kill.
Your orc warrior shimmers and vanishes!
The orc priest miscasts a cantrip.
Your lightning spire shoots out a bolt of lightning at the orc!
The bolt of electricity misses the orc.
Things that are here:
a +0 arbalest; a +0 hand axe; a +0 plate armour You are too injured to fight recklessly!
Casting: Summon Small Mammal (safe; 1% risk of failure)
Press: ? - help, Q - select action, (/) - cycle Dir - look around, f - activate
Okay, then.
Your cerulean imp closely misses the orc priest.
Your lightning spire shoots out a bolt of lightning at the orc!
The bolt of electricity hits the orc!
The orc dies!
Sif Muna accepts your kill.
Your cerulean imp misses the orc priest.
The orc priest casts a cantrip, but nothing happens.
Your cerulean imp hits the orc priest with a +1 spear.
The orc priest mumbles some strange prayers to Beogh against you.
Pain shoots through your body!
You die...

#I#...)).....######
#.')...).....#
#####..........# .#
#....I##########
... #...o.#
....#..).5#
....'.....#
....#.....# ###
#...@.# #######


You could see an orc priest (ally target), a friendly lightning spire (summoned)
and a friendly cerulean imp (summoned).

Vanquished Creatures
  Eustachio (D:5)
  An orc warrior (Bailey)
  2 sleepcaps
  An iguana (D:6)
  2 orc wizards
  2 adders
  A dart slug (D:3)
  3 orcs
  A ball python (D:3)
  A bat (D:3)
  A giant cockroach (D:1)
  2 goblins
  A kobold (D:7)
  A quokka (D:4)
  A frilled lizard (D:3)
  2 rats (D:3)
23 creatures vanquished.

Vanquished Creatures (collateral kills)
  A two-headed ogre (D:6)
  An orc knight (Bailey)
  Joseph (D:7)
  Grinder (D:4)
  Sigmund (D:4)
  A wyvern (D:8)
  5 yaks (D:8)
  Edmund (D:4)
  A water moccasin (D:7)
  9 orc warriors
  A black bear (D:5)
  An ice beast (D:5)
  A sky beast (D:7)
  4 ogres
  2 centaurs
  2 wolves (D:8)
  4 phantoms (D:6)
  2 kobold brigands
  A wyvern zombie (D:6)
  A scorpion (D:6)
  2 bullfrog zombies (D:6)
  3 centaur zombies
  2 bullfrog skeletons (D:6)
  A jelly (D:6)
  4 orc priests
  4 hounds
  3 sleepcaps
  Ijyb (D:3)
  2 gnoll boudas (D:6)
  4 iguanas (D:5)
  4 orc wizards
  Natasha (thrice) (D:3)
  3 killer bee zombies
  An ogre zombie (D:7)
  A mummy (D:7)
  Robin (D:2)
  6 gnolls (D:6)
  5 adders
  5 white imps
  3 dart slugs
  A ribbon worm (D:2)
  36 orcs
  2 endoplasms
  14 goblins
  7 hobgoblins
  4 jackals (D:4)
  17 kobolds
  2 quokkas
  7 ball pythons
  5 bats
  4 rats
198 creatures vanquished.

Grand Total: 221 creatures vanquished

Notes
Turn   | Place    | Note
-------+----------+-------------------------------------------
     0 | D:1      | javelincjr the Deep Elf Summoner began the quest for the
                  | Orb.
     0 | D:1      | Reached XP level 1. HP: 10/10 MP: 6/6
   282 | D:1      | Found a faded altar of an unknown god.
   374 | D:1      | Reached XP level 2. HP: 3/15 MP: 8/8
   377 | D:1      | Learned a level 2 spell: Call Imp
   765 | D:2      | Reached XP level 3. HP: 19/19 MP: 5/10
   769 | D:2      | Learned a level 3 spell: Call Canine Familiar
   901 | D:2      | Reached skill level 4 in Spellcasting
  1011 | D:2      | Noticed Robin
  1021 | D:2      | Killed Robin
  1022 | D:2      | Reached XP level 4. HP: 21/24 MP: 6/12
  1366 | D:3      | Noticed Natasha
  1377 | D:3      | Killed Natasha
  1436 | D:3      | Noticed Ijyb
  1461 | D:3      | Killed Ijyb
  1462 | D:3      | Reached skill level 5 in Spellcasting
  1476 | D:3      | Reached skill level 5 in Summonings
  1476 | D:3      | Reached XP level 5. HP: 18/28 MP: 4/14
  1606 | D:3      | Found an opulent altar of Gozag.
  1760 | D:3      | Noticed Natasha
  1768 | D:3      | Killed Natasha
  1980 | D:3      | Noticed Natasha
  1988 | D:3      | Killed Natasha
  2240 | D:4      | Noticed an ogre
  2314 | D:4      | Noticed an ogre
  2390 | D:4      | Killed an ogre
  2391 | D:4      | Reached skill level 6 in Spellcasting
  2391 | D:4      | Reached XP level 6. HP: 29/32 MP: 10/17
  2453 | D:4      | Noticed Edmund
  2475 | D:3      | Learned a level 1 spell: Sting
  2605 | D:4      | Killed Edmund
  2761 | D:4      | Reached skill level 5 in Stealth
  2761 | D:4      | Reached XP level 7. HP: 17/36 MP: 14/19
  2765 | D:4      | Reached skill level 7 in Spellcasting
  2769 | D:4      | Noticed Grinder
  2776 | D:4      | Paralysed by Grinder for 5 turns
  2783 | D:4      | Killed Grinder
  2784 | D:4      | Reached skill level 5 in Dodging
  3209 | D:4      | Noticed Sigmund
  3231 | D:4      | Killed Sigmund
  3232 | D:4      | Reached skill level 8 in Spellcasting
  3232 | D:4      | Reached XP level 8. HP: 41/41 MP: 16/22
  3333 | D:5      | Entered Level 5 of the Dungeon
  3487 | D:5      | Found a shimmering altar of Xom.
  3725 | D:5      | Noticed Eustachio
  3743 | D:5      | Killed Eustachio
  3744 | D:5      | Reached skill level 1 in Polearms
  3744 | D:5      | Reached skill level 9 in Spellcasting
  3748 | D:5      | Found a burning altar of Makhleb.
  3821 | D:5      | Found a radiant altar of Vehumet.
  3824 | D:5      | Found a shimmering blue altar of Sif Muna.
  3827 | D:5      | Found an ancient bone altar of Kikubaaqudgha.
  3832 | D:5      | Became a worshipper of Sif Muna the Loreminder
  3956 | D:5      | Found a staircase to the Ecumenical Temple.
  4235 | D:6      | Identified the +0 buckler of the Enormous God {rF+ SInv
                  | Stlth-}
  4616 | D:6      | Reached XP level 9. HP: 44/45 MP: 20/24
  4710 | D:6      | Learned a level 4 spell: Summon Blazeheart Golem
  4715 | D:6      | Learned a level 4 spell: Summon Lightning Spire
  4769 | D:6      | Found a basalt altar of Yredelemnul.
  4772 | D:6      | Noticed a profane servitor
  4795 | D:6      | Reached skill level 10 in Spellcasting
  4882 | D:6      | Found a glowing golden altar of the Shining One.
  4906 | D:6      | Noticed an angel
  5172 | D:6      | Reached * piety under Sif Muna
  5311 | D:6      | Noticed a two-headed ogre
  5327 | D:6      | Killed a two-headed ogre
  5707 | D:7      | Found a stormy altar of Qazlal.
  5709 | D:7      | Noticed Joseph
  5735 | D:7      | Killed Joseph
  5736 | D:7      | Reached skill level 11 in Spellcasting
  5877 | D:7      | Found a white marble altar of Elyvilon.
  6102 | D:7      | Found Qaicwiy's Fire Supplies.
  6278 | D:7      | Reached XP level 10. HP: 50/50 MP: 21/27
  6470 | D:7      | Reached ** piety under Sif Muna
  6657 | D:7      | Found a bloodstained altar of Trog.
  7132 | D:8      | Noticed a two-headed ogre
  7132 | D:8      | Noticed pokeman's ghost (novice DEHW)
  7133 | D:8      | Found a transporter.
  7137 | D:8      | Found a transporter.
  7143 | D:8      | Identified the ring of Elev {Int+4 Slay+2 SInv}
  7271 | D:8      | Found a flagged portal.
  7381 | Bailey   | Entered a bailey
  7565 | Bailey   | Noticed an orc knight
  7588 | Bailey   | Killed an orc knight
  7589 | Bailey   | Reached skill level 12 in Spellcasting
  7756 | Bailey   | Reached skill level 10 in Summonings
  7825 | Bailey   | Identified the +0 pair of gloves "Uweil" {+Inv rC+ Int+3}
  8214 | D:8      | Found a staircase to the Lair.
  8254 | D:8      | Killed from afar by an orc priest

Illustrated notes

Levels and vault maps discovered:
D:1:      mainiacjoe_arrival_reflecting_pool, layout_basic,
          hellmonk_ecumenical_altar_pennies_from_heaven
D:2:      layout_rooms, uniq_robin
D:3:      layout_loops_ring, lemuel_round_altar,
          minmay_fractal_squares_gapless_5, uniq_ijyb, uniq_natasha
D:4:      layout_cave_pools, uniq_grinder, uniq_sigmund, uniq_edmund
D:5:      layout_basic, mainiacjoe_overflow_cross_hatched,
          grunt_temple_overflow_open, minmay_temple_entry_tees,
          nicolae_tricolors, uniq_eustachio
D:6:      layout_rooms, grunt_temple_overflow_holy_war, serial_undead,
          serial_undead_e, serial_undead_a, serial_undead_f, serial_undead_e,
          serial_undead_a, serial_undead_d, serial_undead_a, serial_undead_a,
          nicolae_eternal_life
D:7:      layout_basic, general_overflow_altar, grunt_qazlal_sundering,
          elyvilon_altar_1, serial_curves, eino_curves_03, eino_curves_03,
          eino_curves_04, eino_curves_01, minmay_misc_feat_columns,
          nicolae_shop_fire_sale [nicolae_sub_dead_trees], minmay_mini_ossuary,
          uniq_joseph
D:8:      layout_gridville, erik_lair_orcish_takeover, enter_bailey_3,
          gammafunk_ghost_smash

Skill      XL: |  1  2  3  4  5  6  7  8  9 10 |
---------------+-------------------------------+-----
Stealth        | 3 4 5 6 8 9 |  9.0
Dodging        | 3 4 5 6 7 8 |  8.4
Spellcasting   | 4 5 6 8 9 11 12 | 12.4
Summonings     | 5 6 7 9 10 | 10.2
Polearms       | 1 2 3 |  3.7

Action                     |  1- 3 |  4- 6 |  7- 9 | 10-12 || total
---------------------------+-------+-------+-------+-------++-------
  Melee: Unarmed           |    16 |       |       |       ||    16
         Punch             |     1 |       |       |       ||     1
         Spear             |    10 |    29 |    75 |       ||   114
         Trident           |       |       |     8 |    45 ||    53
   Cast: Summon Small Mamm |    33 |    20 |    28 |     2 ||    83
         Call Imp          |    10 |    19 |    41 |    25 ||    95
         Call Canine Famil |     2 |    15 |    39 |    35 ||    91
         Sting             |       |     2 |     6 |     1 ||     9
         Summon Lightning  |       |       |    10 |    18 ||    28
         Summon Blazeheart |       |       |     3 |     2 ||     5
  Evoke: Phantom mirror    |       |       |       |     1 ||     1
    Use: Scroll            |       |       |     3 |       ||     3
   Stab: Sleeping          |     1 |     2 |     1 |       ||     4
         Distracted        |       |     1 |     3 |     4 ||     8
 Armour: Robe              |    24 |    12 |    65 |    33 ||   134
  Dodge: Dodged            |    23 |    19 |    74 |    42 ||   158
  Block: Buckler           |       |       |     9 |    15 ||    24

Table legend: (Time is in decaauts)
 A = Elapsed time spent in this place.
 B = Non-inter-level travel time spent in this place.
 C = Inter-level travel time spent in this place.
 D = Time resting spent in this place.
 E = Time spent auto-exploring this place.
 F = Levels seen in this place.
 G = Mean time per level.
                   A        B        C        D        E       F      G
               +--------+--------+--------+--------+--------+-----+--------+
         Total |   8279 |   7918 |    361 |    472 |   4983 |   9 |  919.9 |
       Dungeon |   7785 |   7424 |    361 |    339 |   4983 |   8 |  973.1 |
        Bailey |    494 |    494 |      0 |    133 |      0 |   1 |  494.0 |
               +--------+--------+--------+--------+--------+-----+--------+

Top non-repeatable levels by time:
     D:6: 1464 daAuts
     D:7: 1412 daAuts
     D:3: 1067 daAuts
     D:4: 908 daAuts
     D:5: 861 daAuts
     D:2: 756 daAuts
     D:8: 705 daAuts
     D:1: 608 daAuts
  Bailey: 494 daAuts
